 Dungeon Crawl Stone Soup version 0.18.1-48-g4cf74bf (webtiles) character file.

7802 lorenzova the Thaumaturge (level 11, 0/54 HPs)
             Began as a Deep Elf Wizard on July 28, 2016.
             Was an Elder of Sif Muna.
             Slain by a black mamba (9 damage)
             ... on level 1 of the Lair of Beasts.
             The game lasted 00:57:18 (16739 turns).

lorenzova the Thaumaturge (Deep Elf Wizard)        Turns: 16739, Time: 00:57:20

Health: 0/54       AC:  6    Str:  4    XL:     11   Next: 1%
Magic:  0/29       EV: 12    Int: 27    God:    Sif Muna [****..]
Gold:   543        SH:  0    Dex: 13    Spells: 12 memorised, 4 levels left

rFire  . . .     SeeInvis +     n - +0 dagger (venom)
rCold  . . .     Gourm    .     a - +0 robe
rNeg   . . .     Faith    +     (no shield)
rPois  .         Spirit   .     C - +2 helmet
rElec  .         Dismiss  .     i - +0 cloak
rCorr  .         Reflect  .     (no gloves)
SustAt .         Harm     .     (no boots)
MR     +....                    k - amulet of faith
Stlth  ++........               b - ring of see invisible
                                w - ring of wizardry

@: lethally poisoned (0 -> -1), regenerating (expiring), somewhat resistant to
hostile enchantments, unstealthy
A: no striking features
a: Channel Energy, Forget Spell, Renounce Religion


You were on level 1 of the Lair of Beasts.
You worshipped Sif Muna.
Sif Muna was greatly pleased with you.
You were not hungry.

You visited 3 branches of the dungeon, and saw 12 of its levels.
You also visited: Sewer.

You collected 543 gold pieces.

Inventory:

Hand Weapons
 n - a +0 dagger of venom (weapon)
Armour
 a - a +0 robe (worn)
 i - a +0 cloak (worn)
 C - a +2 helmet (worn)
Rods
 X - a +0 iron rod (13/13)
   (You found it on level 9 of the Dungeon)
Jewellery
 b - a ring of see invisible (right hand)
 k - an amulet of faith (around neck)
 p - an uncursed ring of protection from fire
 w - a ring of wizardry (left hand)
 U - an uncursed ring of ice
Wands
 m - a wand of lightning (4/15)
 s - a wand of iceblast (4/15)
 M - a wand of slowing (22/48)
 R - a wand of acid (8/15)
Scrolls
 f - 2 scrolls of blinking {unknown}
 r - 5 scrolls of remove curse {unknown}
 t - a scroll of recharging {unknown}
 v - 2 scrolls of noise {unknown}
 z - a scroll of random uselessness {unknown}
 A - a scroll of enchant weapon {unknown}
 B - 2 scrolls of fog {unknown}
 D - a scroll of amnesia {unknown}
 O - 4 scrolls of teleportation {unknown}
 V - a scroll of torment {unknown}
Potions
 e - 2 potions of resistance
 g - 5 potions of flight
 h - 2 potions of lignification
 j - a potion of heal wounds
 l - a potion of magic
 q - 2 potions of curing
 E - a potion of agility
 F - a potion of invisibility
 H - a potion of brilliance
 J - 4 potions of haste
 Q - 2 potions of mutation {unknown}
 T - a potion of berserk rage {unknown}
Comestibles
 d - 9 bread rations
 G - 3 beef jerkies
 K - 5 meat rations
 P - 3 fruits


   Skills:
 - Level 2.4 Dodging
 - Level 2.4 Stealth
 * Level 12.3 Spellcasting
 * Level 10.2 Conjurations
 - Level 4.1 Summonings
 - Level 4.2 Translocations
 * Level 8.1 Fire Magic
 + Level 5.7 Air Magic


You had 4 spell levels left.
You knew the following spells:

 Your Spells              Type           Power        Failure   Level  Hunger
a - Magic Dart            Conj           ####         1%          1    None
b - Blink                 Tloc           N/A          1%          2    None
c - Conjure Flame         Conj/Fire      ######..     1%          3    None
d - Sticky Flame          Conj/Fire      ######..     1%          4    None
e - Slow                  Hex            ###.....     2%          2    None
f - Fireball              Conj/Fire      ######....   1%          5    ###....
h - Mephitic Cloud        Conj/Pois/Air  #####...     1%          3    None
i - Call Imp              Summ           #####...     1%          2    None
j - Regeneration          Chrm/Necr      ###.......   4%          3    None
r - Repel Missiles        Chrm/Air       ####..       1%          2    None
s - Swiftness             Chrm/Air       ####....     1%          2    None
z - Flame Tongue          Conj/Fire      #####        1%          1    None


Dungeon Overview and Level Annotations

Branches:
Dungeon (10/15)            Temple (1/1) D:4            Lair (1/8) D:8
    Orc: D:9-12

Altars:
Ashenzari
Cheibriados
Dithmenos
Elyvilon
Fedhas
Gozag
Kikubaaqudgha
Makhleb
Nemelex Xobeh
Okawaru
Pakellas
Qazlal
Ru
Sif Muna
Trog
Vehumet
Xom
Yredelemnul
Zin
The Shining One

Shops:
D:5 }

Annotations:
D:3 daning's ghost, amateur HESk
D:8 exclusion: oklob plant


Message History

Your skin crawls.
Casting: Regeneration
Confirm with . or Enter, or press ? or * to list all spells.
Okay, then.
You channel some magical energy.
You feel somewhat more hungry.
Your skin is crawling a little less now.
A yak comes into view.
Casting: Regeneration
Confirm with . or Enter, or press ? or * to list all spells.
Aiming: Sticky Flame
Press: ? - help, Shift-Dir - straight line, f - black mamba
Aim: a black mamba The sticky flame hits the black mamba.
The black mamba is moderately wounded.
The black mamba is covered in liquid flames!
The black mamba burns!
The black mamba bites you.
* * * LOW HITPOINT WARNING * * *
You are poisoned.
The black mamba poisons you! The black mamba bites you!
You die...

...............#
[..............##
................#
...............###
................(#
.................##
..................#
.................###
................@(P#
...............S...#
................)###
.................#
.............l....
..................
#.................
Y.Y....... .......


You could see a black mamba (burning), 2 yaks and an iguana.

Vanquished Creatures
  Fannar (Lair:1)
  Pikel (D:8)
  Joseph (Lair:1)
  2 komodo dragons (Lair:1)
  3 yaks (D:9)
  2 wyverns
  Grum (D:8)
  Menkaure (D:5)
  A water moccasin (Lair:1)
  An orc warrior (D:8)
  3 sky beasts
  5 black bears
  A slave (D:8)
  4 ogres
  A phantom (D:7)
  2 wolves (D:8)
  4 centaurs
  2 crocodiles
  2 big kobolds
  6 giant frogs
  A scorpion (D:8)
  9 wights
  3 killer bees (D:9)
  5 howler monkeys
  4 crimson imps
  3 jellies
  2 quasits
  A centaur zombie (D:5)
  A giant frog zombie (D:7)
  7 hounds
  4 orc priests
  6 iguanas
  7 worker ants
  5 orc wizards
  A hound zombie (D:7)
  A hound skeleton (D:9)
  2 worker ant zombies
  A howler monkey skeleton (D:6)
  9 adders
  9 gnolls
  5 river rats
  3 shadow imps
  2 oozes
  An adder skeleton (D:4)
  An adder zombie (D:7)
  4 worms
  A dart slug (D:1)
  7 giant geckos
  26 orcs
  7 giant cockroaches
  9 goblins
  7 hobgoblins
  19 jackals
  13 kobolds
  2 quokkas
  3 ball pythons
  16 bats
  A giant gecko skeleton (D:4)
  A giant gecko zombie (D:4)
  5 giant newts
  2 gnoll zombies (D:3)
  A jackal skeleton (D:4)
  A quokka skeleton (D:4)
  19 rats
281 creatures vanquished.

Vanquished Creatures (others)
  2 slaves (D:8)
  A centaur zombie (D:8)
  A hound (D:8)
  8 fungi (D:8)
  A plant (D:8)
13 creatures vanquished.

Grand Total: 294 creatures vanquished

Notes
Turn   | Place    | Note
--------------------------------------------------------------
     0 | D:1      | lorenzova the Deep Elf Wizard began the quest for the Orb.
     0 | D:1      | Reached XP level 1. HP: 10/10 MP: 7/7
   301 | D:1      | Reached XP level 2. HP: 15/15 MP: 0/9
   383 | D:1      | Learned a level 2 spell: Blink
   386 | D:1      | Learned a level 2 spell: Call Imp
   389 | D:1      | Learned a level 2 spell: Repel Missiles
   392 | D:1      | Learned a level 2 spell: Slow
   698 | D:1      | Reached skill level 5 in Spellcasting
   903 | D:1      | Reached XP level 3. HP: 19/19 MP: 7/11
   908 | D:1      | Learned a level 3 spell: Conjure Flame
  1408 | D:2      | Found a shattered altar of Ashenzari.
  2118 | D:3      | Reached XP level 4. HP: 24/24 MP: 11/13
  2286 | D:3      | Reached skill level 1 in Fire Magic
  2779 | D:3      | Noticed daning's ghost (amateur HESk)
  3927 | D:3      | Reached XP level 5. HP: 28/28 MP: 13/15
  4365 | D:3      | Found a basalt altar of Yredelemnul.
  4629 | D:4      | Noticed a centaur
  4760 | D:4      | Killed a centaur
  4760 | D:4      | Reached skill level 6 in Spellcasting
  4911 | D:4      | Reached XP level 6. HP: 32/32 MP: 12/17
  4915 | D:4      | Learned a level 2 spell: Swiftness
  4919 | D:4      | Learned a level 3 spell: Mephitic Cloud
  4972 | D:4      | Found a bloodstained altar of Trog.
  5195 | D:4      | Found a staircase to the Ecumenical Temple.
  5216 | Temple   | Entered the Ecumenical Temple
  5556 | D:4      | You fall through a shaft for 2 floors!
  5931 | D:5      | Entered Level 5 of the Dungeon
  6008 | D:5      | Reached XP level 7. HP: 36/36 MP: 3/19
  6140 | D:5      | Found Ywerunast's Gadget Boutique.
  6365 | D:5      | Reached skill level 7 in Spellcasting
  6407 | D:5      | Found a glowing drain.
  6503 | Sewer    | Entered a sewer
  6845 | Sewer    | Found a white marble altar of Elyvilon.
  7191 | D:5      | Noticed Menkaure
  7319 | D:5      | HP: 1/36 [Menkaure/nerve-wracking pain (11)]
  7655 | D:5      | Reached skill level 1 in Air Magic
  7666 | D:5      | Killed Menkaure
  7666 | D:5      | Reached skill level 5 in Conjurations
  7852 | D:5      | Reached XP level 8. HP: 30/41 MP: 13/21
  8003 | D:5      | Found a shimmering altar of Xom.
  8078 | D:5      | Reached skill level 8 in Spellcasting
  8962 | D:6      | Found a deep blue altar of Sif Muna.
  8963 | D:6      | Found an oddly glowing altar of Pakellas.
  9118 | D:6      | Found a sacrificial altar of Ru.
  9246 | D:6      | Found a stormy altar of Qazlal.
  9535 | D:7      | Learned a level 4 spell: Sticky Flame
 10055 | D:7      | Reached skill level 9 in Spellcasting
 10425 | D:7      | Reached XP level 9. HP: 33/45 MP: 9/24
 11300 | D:7      | Reached skill level 10 in Spellcasting
 11300 | D:7      | Reached skill level 5 in Fire Magic
 11468 | D:6      | Became a worshipper of Sif Muna the Loreminder
 12193 | D:8      | Found a blossoming altar of Fedhas.
 12193 | D:8      | Noticed Pikel
 12219 | D:8      | Killed Pikel
 12219 | D:8      | Reached * piety under Sif Muna
 12348 | D:8      | Noticed an oklob plant
 12496 | D:8      | Found a glowing silver altar of Zin.
 12496 | D:8      | Found an iron altar of Okawaru.
 12544 | D:8      | Found a burning altar of Makhleb.
 12829 | D:8      | Reached ** piety under Sif Muna
 12831 | D:8      | Reached XP level 10. HP: 50/50 MP: 17/26
 12966 | D:8      | Found a staircase to the Lair.
 13143 | D:8      | Noticed Grum
 13157 | D:8      | Reached skill level 11 in Spellcasting
 13191 | D:8      | Killed Grum
 13192 | D:8      | HP: 2/50 [wolf[Grum] (10)]
 14048 | D:9      | Reached skill level 5 in Air Magic
 15015 | D:9      | Reached *** piety under Sif Muna
 15198 | D:9      | Learned a level 1 spell: Flame Tongue
 15204 | D:9      | Learned a level 5 spell: Fireball
 15208 | D:9      | Learned a level 3 spell: Regeneration
 15702 | D:9      | Found a glowing golden altar of the Shining One.
 15917 | D:10     | Entered Level 10 of the Dungeon
 16188 | Lair:1   | Entered Level 1 of the Lair of Beasts
 16328 | Lair:1   | Noticed Fannar
 16343 | Lair:1   | Killed Fannar
 16343 | Lair:1   | Reached **** piety under Sif Muna
 16343 | Lair:1   | Reached skill level 12 in Spellcasting
 16343 | Lair:1   | Reached skill level 10 in Conjurations
 16721 | Lair:1   | Noticed Joseph
 16736 | Lair:1   | Noticed a black mamba
 16736 | Lair:1   | Killed Joseph
 16736 | Lair:1   | Reached XP level 11. HP: 12/54 MP: 5/29
 16739 | Lair:1   | Slain by a black mamba

Skill      XL: |  1  2  3  4  5  6  7  8  9 10 |
---------------+-------------------------------+-----
Spellcasting   | 5 6 7 9 10 12 | 12.3
Conjurations   | 2 3 4 5 6 8 10 | 10.2
Fire Magic     | 1 2 3 6 8 |  8.1
Summonings     | 2 3 4 |  4.1
Translocations | 2 3 4 |  4.2
Air Magic      | 1 3 4 5 |  5.7
Dodging        | |  2.4
Stealth        | |  2.4

Action                   |  1- 3 |  4- 6 |  7- 9 | 10-12 || total
-------------------------+-------+-------+-------+-------++-------
Melee: Short sword       |    12 |       |       |       ||    12
       Dagger            |       |    14 |    50 |    76 ||   140
 Cast: Magic Dart        |    84 |   222 |   477 |   195 ||   978
       Conjure Flame     |       |    12 |    20 |     7 ||    39
       Slow              |       |     6 |     3 |       ||     9
       Repel Missiles    |       |     1 |     1 |     1 ||     3
       Swiftness         |       |     1 |     7 |       ||     8
       Call Imp          |       |       |     3 |     1 ||     4
       Sticky Flame      |       |       |    19 |    26 ||    45
       Blink             |       |       |     1 |     1 ||     2
       Flame Tongue      |       |       |       |    52 ||    52
       Fireball          |       |       |       |     7 ||     7
       Regeneration      |       |       |       |     1 ||     1
Invok: Channel Energy    |       |       |       |     3 ||     3
Evoke: Rod               |       |       |       |     1 ||     1
  Use: Potion            |       |       |     3 |     2 ||     5
       Scroll            |       |       |     4 |    10 ||    14
 Stab: Sleeping          |     1 |     1 |     2 |       ||     4
  Eat: Chunk             |     2 |     4 |    14 |     9 ||    29
       Meat ration       |       |     1 |       |     1 ||     2
       Bread ration      |       |     1 |       |       ||     1
       Beef jerky        |       |       |     1 |       ||     1
       Fruit             |       |       |     2 |     1 ||     3
       Royal jelly       |       |       |     1 |       ||     1
       Pizza             |       |       |       |     1 ||     1
Armor: Robe              |    11 |    24 |    74 |    76 ||   185
Dodge: Dodged            |    20 |    44 |   121 |   135 ||   320
       Deflected         |       |     1 |     1 |     4 ||     6
